 Dungeon Crawl Stone Soup version 0.30.1-3-gfc49f6343a (webtiles) character file.

Game seed: 9779305457154334661

1880 spardeous the Destroyer (level 8, -5/55 (57) HPs)
             Began as a Demigod Conjurer on Aug 9, 2023.
             Slain by a wight
             ... wielding a +0 great sword
              (12 damage)
             ... on level 7 of the Dungeon.
             The game lasted 00:06:31 (7308 turns).

spardeous the Destroyer (Demigod Conjurer)          Turns: 7308, Time: 00:06:32

HP:   -5/55 (57)    AC:  6    Str:  6    XL:     8   Next: 60%
MP:   16/28         EV: 11    Int: 28    God:
Gold: 210           SH:  0    Dex: 12    Spells: 10/17 levels left

rFire   . . .        o - +2 falchion (flame)
rCold   . . .        (no shield)
rNeg    . . .        h - +2 leather armour {rPois}
rPois   +            (no helmet)
rElec   .            (no cloak)
rCorr   .            (no gloves)
SInv    +            i - +0 pair of boots
Will    +....        (no amulet)
Stlth   +++          J - ring of Benevolence {Will+ Str-2 SInv Stlth+}
HPRegen 0.29/turn    B - ring of magical power
MPRegen 0.21/turn

%: no passive effects
@: lightly drained
A: high MP 1, forlorn, divine attributes
a: no special abilities


You were on level 7 of the Dungeon.
You visited 1 branch of the dungeon, and saw 7 of its levels.

You collected 277 gold pieces.
You spent 67 gold pieces at shops.

Inventory:

Hand Weapons
 o - a +2 falchion of flaming (weapon)
Armour
 a - a +0 robe
 h - a +2 leather armour of poison resistance (worn)
 i - a +0 pair of boots (worn)
 k - an orb of light
 I - a +0 kite shield
Jewellery
 B - a ring of magical power (right hand)
 C - a +6 ring of strength
 D - a ring of magical power
 E - a ring of protection from cold
 J - the ring of Benevolence (left hand) {Will+ Str-2 SInv Stlth+}
   (You found it on level 4 of the Dungeon)

   [ring of see invisible]

   Str:       It affects your strength (-2).
   SInv:      It lets you see invisible.
   Will:      It increases your willpower.
   Stlth:     It makes you more stealthy.
Wands
 b - a wand of flame (48)
 w - a wand of digging (5)
 y - a wand of polymorph (9)
Scrolls
 c - 3 scrolls of blinking
 d - a scroll of immolation {unknown}
 e - 3 scrolls of teleportation
 j - 2 scrolls of fog {unknown}
 l - a scroll of noise {unknown}
 m - a scroll of poison {unknown}
 r - 2 scrolls of enchant armour {unknown}
 s - 3 scrolls of identify {unknown}
 t - a scroll of enchant weapon {unknown}
 z - 3 scrolls of magic mapping {unknown}
 H - a scroll of brand weapon {unknown}
 L - a scroll of torment {unknown}
 M - a scroll of acquirement {unknown}
Potions
 f - a potion of heal wounds {unknown}
 g - 11 potions of curing
 n - 6 potions of brilliance
 p - a potion of attraction {unknown}
 q - 3 potions of ambrosia
 u - a potion of degeneration {unknown}
 v - a potion of mutation {unknown}
 x - a potion of lignification {unknown}
 A - a potion of berserk rage {unknown}
 F - a potion of might {unknown}
 G - a potion of invisibility {unknown}
 K - 2 potions of flight {unknown}


   Skills:
 - Level 1.7 Dodging
 - Level 1.7 Stealth
 + Level 5.0 Spellcasting
 - Level 10.0 Conjurations


You had 10 spell levels left.
You knew the following spells:

 Your Spells              Type           Power      Damage    Failure   Level
a - Magic Dart            Conj           100%       1d8       1%          1
b - Searing Ray           Conj           100%       2d8       1%          2
c - Iskenderun's Mystic   Conj/Tloc      35%        2d8       13%         4

Your spell library contained the following spells:

 Spells                   Type           Power      Damage    Failure   Level
 Dazzling Flash           Conj/Hex       70%        N/A       4%          3
 Sting                    Tmut/Pois      28%        1d4       11%         1
 Fulminant Prism          Conj/Hex       17%        3d10      13%         4
 Poisonous Vapours        Pois/Air       14%        N/A       16%         2
 Volatile Blastmotes      Fire/Tloc      14%        2d11      30%         3
 Olgreb's Toxic Radiance  Pois           7%         N/A       71%         4
 Passage of Golubria      Tloc           7%         N/A       71%         4
 Starburst                Conj/Fire      17%        6d6       90%         6
 Silence                  Hex/Air        3%         N/A       96%         5
 Summon Forest            Summ/Tloc      3%         N/A       96%         5
 Eringya's Noxious Bog    Tmut/Pois      3%         N/A       100%        6
 Summon Hydra             Summ           3%         N/A       100%        7
 Lehudib's Crystal Spear  Conj/Erth      17%        10d5      100%        8


Dungeon Overview and Level Annotations

Branches:
Dungeon (7/15)
 Temple: D:4-7

Shops:
D:6 *


Innate Abilities, Weirdness & Mutations

You have an increased reservoir of magic. (+10% MP)
You shall have no god before yourself.
Your divine heritage dramatically boosts your attributes as you level up.


Message History

The wight hits you with a +0 great sword!
Your Spellcasting skill increases to level 5!
You take 11 damage, and have 32/57 hp.
You now have 22/28 mp.
Casting: Searing Ray (safe; 1% risk of failure)
Confirm with . or Enter, or press ? or * to list all spells.
Aiming: Searing Ray (safe; 1% risk of failure)
Press: ? - help, Shift-Dir - straight line, f - wight
Aim: a wight, wielding a +0 great sword and wearing a +0 robe (83% to hit)
The searing ray hits the wight.
The wight is moderately damaged. (Press . to maintain the ray.)
The wight closely misses you.
You now have 21/28 mp.
The searing ray hits the wight!
The wight is almost destroyed.
The wight barely misses you.
You now have 20/28 mp.
The searing ray hits the wight.
The wight is almost destroyed.
The wight hits you with a +0 great sword!
* * * LOW HITPOINT WARNING * * *
You feel drained.
* * * LOW HITPOINT WARNING * * *
You take 17 damage, and have 15/55 hp.
MASSIVE DAMAGE!!
You now have 19/28 mp.
The searing ray misses the wight.
You finish channelling your searing ray.
The wight hits you with a +0 great sword!
* * * LOW HITPOINT WARNING * * *
You take 8 damage, and have 7/55 hp.
You now have 18/28 mp.
Unknown command.
Casting: Searing Ray (safe; 1% risk of failure)
Confirm with . or Enter, or press ? or * to list all spells.
Aiming: Searing Ray (safe; 1% risk of failure)
Press: ? - help, Shift-Dir - straight line, f/p - wight
Aim: a wight, wielding a +0 great sword and wearing a +0 robe (almost destroyed, 83% to hit)
The searing ray hits the wight but does no damage.
The wight is almost destroyed. (Press . to maintain the ray.)
The wight hits you with a +0 great sword!
You die...

#######....[.
#..#........
#.....#....
#.........
#.......<#
#........##
..........#
......#z..#
...z. #@..#
.... #).##
.z......##
.......##
)......
z.....#
##.... #....
.....


You could see a wight.

Vanquished Creatures
  Sigmund (D:3)
  A black bear (D:5)
  An ice beast (D:5)
  2 centaurs (D:5)
  A phantom (D:5)
  A kobold brigand (D:6)
  A bullfrog (D:6)
  3 scorpions
  9 wights
  A hound (D:6)
  2 orc priests
  6 iguanas
  Jessica (D:3)
  Ijyb (D:3)
  Terence (D:2)
  2 orc wizards (D:5)
  3 gnolls (D:4)
  5 adders
  A white imp (D:5)
  A worm (D:5)
  15 orcs
  A bat (D:1)
  6 endoplasms
  6 giant cockroaches
  6 goblins
  3 hobgoblins
  3 quokkas
  7 ball pythons
  3 frilled lizards
  10 kobolds
  4 rats (D:1)
108 creatures vanquished.

Notes
Turn   | Place    | Note
-------+----------+-------------------------------------------
     0 | D:1      | spardeous the Demigod Conjurer began the quest for the Orb.
     0 | D:1      | Reached XP level 1. HP: 14/14 MP: 5/5
   475 | D:1      | Reached skill level 4 in Conjurations
   596 | D:1      | Reached XP level 2. HP: 20/20 MP: 4/7
  1486 | D:2      | Noticed Terence
  1503 | D:1      | Learned a level 2 spell: Searing Ray
  1508 | D:2      | Killed Terence
  1509 | D:2      | Reached XP level 3. HP: 10/26 MP: 2/8
  1635 | D:2      | Reached skill level 5 in Conjurations
  2392 | D:2      | Reached XP level 4. HP: 33/33 MP: 7/9
  2575 | D:3      | Noticed Sigmund
  2585 | D:3      | Killed Sigmund
  2586 | D:3      | Reached skill level 6 in Conjurations
  2586 | D:3      | Reached XP level 5. HP: 38/38 MP: 3/10
  2679 | D:3      | Noticed Ijyb
  2695 | D:3      | Killed Ijyb
  2965 | D:3      | Noticed Jessica
  2967 | D:3      | Killed Jessica
  3418 | D:4      | Reached skill level 7 in Conjurations
  3418 | D:4      | Reached XP level 6. HP: 39/45 MP: 2/11
  3631 | D:4      | You fall into a shaft and drop 1 floor!
  3631 | D:5      | Entered Level 5 of the Dungeon
  3916 | D:5      | Reached skill level 8 in Conjurations
  3916 | D:5      | Reached XP level 7. HP: 34/50 MP: 5/12
  4258 | D:5      | Reached skill level 9 in Conjurations
  5515 | D:4      | Reached XP level 8. HP: 57/57 MP: 7/13
  5593 | D:4      | Identified the ring of Benevolence {Will+ Str-2 SInv
                  | Stlth+}
  5963 | D:6      | Reached skill level 10 in Conjurations
  5969 | D:6      | Learned a level 4 spell: Iskenderun's Mystic Blast
  6539 | D:6      | Found Ycrehoz's CLEARANCE SALE!.
  6547 | D:6      | Bought a scroll of blinking for 22 gold pieces
  6547 | D:6      | Bought a potion of ambrosia for 24 gold pieces
  6547 | D:6      | Bought a potion of brilliance for 12 gold pieces
  6547 | D:6      | Bought a potion of curing for 9 gold pieces
  7304 | D:7      | Reached skill level 5 in Spellcasting
  7308 | D:7      | Slain by a wight

Illustrated notes

Levels and vault maps discovered:
D:1:      arrival_zaba_pyramid, layout_basic, chequers_ecumenical_altar_island,
          nrook_uturn, serial_park_tiny_2
D:2:      layout_loops_corners, uniq_terence
D:3:      layout_basic, minmay_liquid_box, uniq_ijyb, uniq_jessica, uniq_sigmund
D:4:      layout_gridville
D:5:      layout_loops_ring, minmay_fountain_box, minmay_checkerbox
D:6:      layout_loops_ring, nicolae_overflow_hidden_temple,
          mainiacjoe_overflow_concentric_impassable, nicolae_shop_clearance
D:7:      layout_layer_cave, temple_statues, chequers_ossuary_entry_cave

Skill      XL: |  1  2  3  4  5  6  7  8 |
---------------+-------------------------+-----
Conjurations   | 4 5 6 7 8 9 10 | 10.0
Spellcasting   | 5 |  5.0
Dodging        | |  1.7
Stealth        | |  1.7

Action                     |  1- 3 |  4- 6 |  7- 9 || total
---------------------------+-------+-------+-------++-------
  Melee: Falchion          |       |       |     7 ||     7
   Cast: Magic Dart        |    65 |    60 |    83 ||   208
         Searing Ray       |     1 |    10 |    30 ||    41
    Use: Potion            |       |     1 |       ||     1
         Scroll            |       |       |     1 ||     1
 Armour: Leather armour    |     2 |    12 |    18 ||    32
  Dodge: Dodged            |     7 |    10 |    40 ||    57
